AoeStats
← hualiya44

Oasis

509777115Analyzed
4v4 RM · 3d ago on Sep 28, 2026· 47m 2s· 8 players
Game mode
Random Map
Map size
Large (8 player)
Population
200
Speed
Normal
Resources
Standard
Victory
Conquest
Starting age
Dark Age
Ending age
Imperial Age
RankedLock teamsTeams togetherTeam positionsShared explorationLock speedFull tech treeHidden civsTurbo modeCheats
Victory
Defeat
🇨🇦 Huns · Canada
1344
+11
🇺🇸 Spanish · United States
1224
+16
🇨🇴 Aztecs · Colombia
1194
+17
🇨🇦 Mapuche · Canada
1157
+20
🇦🇷 Gurjaras · Argentina
1254
-17
🇦🇷 Huns · Argentina
1243
-17
🇧🇷 Chinese · Brazil
1231
-16
🇺🇸 Danes · United States
1191
-14
H3adak3
9:14 Loom
11:38 Feudal Age
15:36 Castle Age
13:54 Double-Bit Axe
13:53 Horse Collar
19:43 Stone Mining
19:48 Gold Mining
24:24 Wheelbarrow
25:01 Heavy Plow
26:43 Stone Shaft Mining
27:56 Scale Barding Armor
32:50 Imperial Age
30:41 Hand Cart
30:14 Town Watch
30:47 Bloodlines
30:37 Husbandry
31:00 Caravan
33:51 Elite Conquistador
36:00 Chemistry
40:17 Light Cavalry
40:17 Cavalier
41:41 Chain Barding Armor
41:32 Forging
42:07 Paladin
42:07 Hussar
44:08 Conscription
45:16 Plate Barding Armor
45:16 Iron Casting
Samouele
8:12 Loom
10:42 Feudal Age
11:51 Double-Bit Axe
12:26 Horse Collar
19:17 Wheelbarrow
19:45 Bloodlines
24:21 Castle Age
23:04 Scale Barding Armor
23:11 Forging
23:55 Town Watch
26:08 Fletching
26:39 Chain Barding Armor
26:42 Husbandry
26:55 Gold Mining
31:03 Bow Saw
36:11 Imperial Age
34:59 Hand Cart
37:35 Plate Barding Armor
36:22 Cavalier
38:48 Conscription
39:26 Paladin
41:41 Town Patrol
42:38 Iron Casting
43:54 Elite Tarkan
47:16 Blast Furnace
46:31 Marauders
The Wizard
10:17 Feudal Age
11:19 Double-Bit Axe
14:32 Castle Age
15:09 Fletching
15:28 Loom
16:12 Bow Saw
23:53 Padded Archer Armor
23:51 Bodkin Arrow
26:07 Wheelbarrow
27:24 Wheelbarrow
29:13 Padded Archer Armor
31:24 Leather Archer Armor
35:47 Imperial Age
34:46 Careening
35:10 Ballistics
35:58 Malon
35:54 Capped Ram
37:57 Conscription
39:03 Elite Bolas Rider
40:02 Butalmapu
44:51 Ring Archer Armor
45:44 Onager
Kestrel
0:26 Loom
10:58 Feudal Age
13:24 Double-Bit Axe
19:39 Castle Age
18:40 Stone Mining
18:36 Horse Collar
18:50 Gold Mining
20:35 Bow Saw
22:19 Fervor
30:34 Sanctity
30:35 Fletching
30:46 Scale Mail Armor
30:56 Forging
31:50 Stone Shaft Mining
31:50 Gold Shaft Mining
32:44 Bodkin Arrow
33:06 Chain Mail Armor
33:01 Forging
33:54 Forging
34:15 Squires
36:59 Imperial Age
34:20 Eagle Warrior
34:48 Arson
35:23 Town Watch
35:49 Gambesons
38:43 Plate Mail Armor
38:49 Iron Casting
39:02 Elite Eagle Warrior
42:19 Iron Casting
42:01 Bracer
42:49 Wheelbarrow
43:15 Gold Shaft Mining
43:56 Garland Wars
44:20 Caravan
46:03 Blast Furnace
Vhl.Leader
0:31 Loom
11:17 Feudal Age
16:01 Castle Age
14:10 Double-Bit Axe
15:57 Horse Collar
16:11 Stone Mining
17:20 Wheelbarrow
24:04 Fletching
26:45 Hand Cart
32:14 Imperial Age
30:07 Bodkin Arrow
30:13 Padded Archer Armor
30:44 Gold Mining
32:30 Elite Chu Ko Nu
33:36 Bracer
35:12 Chemistry
33:44 Elite Skirmisher
35:10 Leather Archer Armor
40:26 Ring Archer Armor
43:12 Thumb Ring
42:58 Man-at-Arms
44:06 Long Swordsman
Unknowncmbk
0:35 Loom
11:20 Feudal Age
11:33 Man-at-Arms
14:37 Scale Mail Armor
18:38 Castle Age
28:17 Ballistics
34:45 Guard Tower
41:28 Fletching
42:21 Wheelbarrow
42:12 Double-Bit Axe
43:22 Bow Saw
43:27 Bodkin Arrow
hualiya44
0:28 Loom
10:37 Feudal Age
11:15 Horse Collar
11:27 Double-Bit Axe
14:38 Forging
14:33 Scale Barding Armor
21:25 Castle Age
20:17 Gold Mining
21:41 Bloodlines
22:07 Husbandry
27:25 Chain Barding Armor
27:40 Iron Casting
choripan con chimi
9:00 Loom
10:46 Feudal Age
15:49 Castle Age
13:57 Double-Bit Axe
13:55 Horse Collar
14:09 Gold Mining
22:46 Bow Saw
23:37 Bloodlines
25:05 Husbandry
25:19 Light Cavalry
27:04 Scale Barding Armor
27:52 Wheelbarrow
29:22 Forging
29:33 Chain Barding Armor
32:52 Imperial Age
30:42 Hand Cart
30:19 Fletching
30:29 Padded Archer Armor
31:23 Gold Shaft Mining
31:15 Thumb Ring
31:39 Bodkin Arrow
32:24 Ballistics
32:55 Leather Archer Armor
35:16 Chemistry
34:47 Conscription
35:03 Parthian Tactics
34:54 Heavy Cavalry Archer
35:42 Bracer
35:32 Town Watch
37:00 Hussar
38:41 Iron Casting
38:42 Plate Barding Armor
38:50 Plate Barding Armor
43:32 Blast Furnace
42:33 Scale Mail Armor
43:10 Town Patrol
43:26 Masonry
44:35 Marauders
45:08 Caravan
Connection lost

Rejoining the realm…

Still unreachable

The connection could not be restored.

Session expired

The server has moved on; the page needs a fresh start.